Stars vs Flames

Created - Friday, December 19, 2014 at 23:18

Goals
1 2 3 T
Stars 0 1 1 2
Flames 2 0 1 3
Shots
1 2 3 T
Stars 5 13 13 31
Flames 12 5 8 25

1st period

1. Flames , Aleksander Barkov 4 (TJ Brodie, Jacob Trouba) at 14:37
2. Flames , Dougie Hamilton 5 (Aleksander Barkov, Manny Malhotra) at 18:04

Penalties :
Eric Brewer (Dal) for Interference (Minor) at 6:28, Cory Conacher (Dal) for Hooking (Minor) at 12:12

2nd period

3. Stars , Daniel Cleary 5 (Ian Cole, Eric Brewer) at 12:14 (PP)

Penalties :
Eric Brewer (Dal) for Hooking (Minor) at 7:17, Jacob Trouba (Cal) for High sticking (Minor) at 10:55, Cory Conacher (Dal) for Tripping (Minor) at 12:44

3rd period

4. Stars , Michael Ryder 6 (Joe Corvo) at 12:29 (PP)
5. Flames , Brian Campbell 9 (Charlie Coyle, Jordan Staal) at 15:53 (PP)

Penalties :
Erik Haula (Dal) for High sticking (Minor) at 4:30, Justin Faulk (Cal) for Interference (Minor) at 12:08, Cory Conacher (Dal) for Hooking (Minor) at 15:44, Michael Ryder (Dal) for Hooking (Minor) at 15:58

Goalie Stats

Robin Lehner (Dal), 22 saves from 25 shots - (0.880), L, 4-14-3, 60:00 minutes
Chad Johnson (Cal), 29 saves from 31 shots - (0.935), W, 5-2-0, 60:00 minutes

Players Stats for Stars

Player Name              G  A  P  +/- PIM S  H  SB GA TA FO     MP     PP MP  PK MP  
------------------------------------------------------------------------------------
Aaron Johnson            0  0  0  -1  0   0  1  0  0  0  0/0    14:16   0:00   0:45 
Brad Malone              0  0  0  -1  0   1  0  0  0  0  1/5    11:36   0:17   0:17 
Brandon Kozun            0  0  0   0  0   0  0  0  0  0  0/0     8:20   0:00   0:00 
Brett Ritchie            0  0  0   0  0   0  1  0  0  0  1/1    12:51   1:18   0:00 
Bruno Gervais            0  0  0   0  0   0  0  1  0  1  0/0    11:09   0:00   0:00 
Cory Conacher            0  0  0  -2  6   3  0  0  3  2  0/0    15:52   0:22   2:09 
Daniel Cleary            1  0  1  -1  0   5  2  2  1  0  1/2    18:56   1:18   3:27 
Eric Brewer              0  1  1   0  4   5  0  6  1  5  0/0    24:46   0:39   3:05 
Erik Haula               0  0  0   0  2   2  5  1  0  0  2/11   13:44   0:00   0:00 
Ian Cole                 0  1  1  -1  0   0  1  5  2  0  0/0    18:39   0:39   5:48 
Jakub Kindl              0  0  0   0  0   1  0  0  0  0  0/0     5:48   1:01   0:00 
Joe Corvo                0  1  1  -2  0   1  0  1  2  0  0/0    23:33   1:01   8:13 
John Moore               0  0  0   0  0   2  2  0  1  1  0/0    22:17   0:00   6:15 
Michael Ryder            1  0  1   0  2   6  1  0  5  0  1/8    22:05   1:01   0:00 
Miikka Salomaki          0  0  0   0  0   0  1  0  1  0  1/1    11:07   0:00   2:32 
Patrick Eaves            0  0  0  -1  0   1  0  0  2  1  0/1    20:55   0:22   7:38 
Rob Klinkhammer          0  0  0   0  0   3  1  1  3  1  1/10   19:25   0:22   8:03 
Zach Sill                0  0  0  -1  0   1  4  1  0  0  5/8    12:31   0:00   0:00 

Players Stats for Flames

Player Name              G  A  P  +/- PIM S  H  SB GA TA FO     MP     PP MP  PK MP  
------------------------------------------------------------------------------------
Aleksander Barkov        1  1  2   2  0   1  0  0  1  0  4/6    10:13   0:00   0:00 
Andrew Cogliano          0  0  0   0  0   1  2  1  3  0  0/0    19:08   6:06   0:00 
Brian Campbell           1  0  1   0  0   4  4  0  0  0  0/0    24:52   5:48   0:11 
Casey Cizikas            0  0  0   2  0   0  2  0  0  1  1/1    11:12   0:00   0:59 
Charlie Coyle            0  1  1   0  0   2  2  0  1  0  0/0    16:25   5:57   0:00 
Chris Phillips           0  0  0   1  0   0  3  2  0  1  0/0    13:42   0:00   1:29 
Dougie Hamilton          1  0  1   1  0   2  2  2  0  0  0/0    20:06   6:15   0:00 
Jacob Trouba             0  1  1   1  2   3  3  0  0  1  0/0    23:29   6:15   0:00 
Jason Pominville         0  0  0   0  0   0  0  1  2  0  1/1    18:41   6:06   0:00 
Jason Spezza             0  0  0   0  0   1  1  0  7  1  10/14  18:41   6:06   0:00 
Jordan Staal             0  1  1   0  0   2  2  0  0  0  12/17  16:52   5:57   0:00 
Justin Faulk             0  0  0   0  2   0  2  4  0  3  0/0    23:55   5:48   1:08 
Manny Malhotra           0  1  1   2  0   0  0  0  0  1  2/2    10:54   0:00   0:41 
Matt Cooke               0  0  0   0  0   0  2  0  0  1  0/0    12:34   0:00   0:00 
Michael Frolik           0  0  0   0  0   5  0  2  0  1  0/0    16:52   5:57   0:00 
Mikael Backlund          0  0  0   0  0   2  1  1  2  0  4/6    13:33   0:00   0:59 
Nick Spaling             0  0  0   0  0   1  0  0  0  1  0/0    13:15   0:00   0:41 
TJ Brodie                0  1  1   1  0   1  0  1  0  4  0/0    13:53   0:00   0:32 

3 Stars

1 - Aleksander Barkov (Cal)
2 - Dougie Hamilton (Cal)
3 - Brian Campbell (Cal)

Power Play

Stars - 2 on 3 Attempt(s) - 66.67%
Flames - 1 on 7 Attempt(s) - 14.29%

Penalty Kill

Stars - 6 on 7 Attempt(s) - 85.71% - Score 0 goal in Penalty Kill
Flames - 1 on 3 Attempt(s) - 33.33% - Score 0 goal in Penalty Kill

Official

Referees : Unknown
Linesman : Unknown

Game Notes

15:44 of 1st period - Penalty Shot by Andrew Cogliano for Flames - Shot Misses the Net

Finance

Level 1 -- Attendance: 3955 (65.92%) -- Ticket Income $395,500
Level 2 -- Attendance: 3782 (75.64%) -- Ticket Income $226,920
Level 3 -- Attendance: 1585 (79.25%) -- Ticket Income $55,475
Level 4 -- Attendance: 3306 (82.65%) -- Ticket Income $66,120
Luxury Box -- Attendance: 736 (73.60%) -- Ticket Income $147,200
Game was played at the Pengrowth Saddledome
Total Attendance: 13364 (74.24%)
Total Ticket Income: $891,215
Other Income: $436,695
Total Income: $1,327,910

Stars

5 vs 5 Forward 
   Center                   Left Wing                Right Wing               Time % Phy DF OF 
 1 Erik Haula               Michael Ryder            Daniel Cleary            35     1   2  2  
 2 Zach Sill                Cory Conacher            Patrick Eaves            30     1   2  2  
 3 Brad Malone              Rob Klinkhammer          Brett Ritchie            22     1   2  2  
 4 Michael Ryder            Miikka Salomaki          Brandon Kozun            13     1   2  2  

5 vs 5 Defense 
   Defense                  Defense                                           Time % Phy DF OF 
 1 Eric Brewer              John Moore                                        35     1   2  2  
 2 Aaron Johnson            Joe Corvo                                         30     1   2  2  
 3 Ian Cole                 Bruno Gervais                                     22     1   2  2  
 4 Jakub Kindl              Eric Brewer                                       13     1   2  2  

PowerPlay Forward 
   Center                   Left Wing                Right Wing               Time % Phy DF OF 
 1 Michael Ryder            Brett Ritchie            Daniel Cleary            60     1   2  2  
 2 Rob Klinkhammer          Cory Conacher            Patrick Eaves            40     1   2  2  

PowerPlay Defense
   Defense                  Defense                                           Time % Phy DF OF 
 1 Eric Brewer              Ian Cole                                          60     1   2  2  
 2 Jakub Kindl              Joe Corvo                                         40     1   2  2  

Penalty Kill 4 Players Forward 
   Center                   Wing                     Time % Phy DF OF 
 1 Rob Klinkhammer          Patrick Eaves            60     1   2  2  
 2 Daniel Cleary            Cory Conacher            40     1   2  2  

Penalty Kill 4 Players Defense
   Defense                  Defense                  Time % Phy DF OF 
 1 Eric Brewer              John Moore               60     1   2  2  
 2 Ian Cole                 Joe Corvo                40     1   2  2  

Penalty Kill - 3 Players Forward 
   Forward                                           Time % Phy DF OF 
 1 Daniel Cleary                                     60     1   2  2  
 2 Cory Conacher                                     40     1   2  2  

Penalty Kill - 3 Players Defense
   Defense                  Defense                  Time % Phy DF OF 
 1 Eric Brewer              Jakub Kindl              60     1   2  2  
 2 Ian Cole                 Joe Corvo                40     1   2  2  

4 vs 4 Forward 
   Center                   Wing                     Time % Phy DF OF 
 1 Patrick Eaves            Rob Klinkhammer          60     1   2  2  
 2 Daniel Cleary            Cory Conacher            40     1   2  2  

4 vs 4 Defense
   Defense                  Defense                  Time % Phy DF OF 
 1 Eric Brewer              Ian Cole                 60     1   2  2  
 2 Bruno Gervais            Joe Corvo                40     1   2  2  

Last Minutes Offensive
   Center                   Left Wing                Right Wing               Defense                  Defense                  
   Erik Haula               Michael Ryder            Daniel Cleary            Eric Brewer              John Moore               

Last Minutes Defensive
   Center                   Left Wing                Right Wing               Defense                  Defense                  
   Erik Haula               Michael Ryder            Daniel Cleary            Eric Brewer              John Moore               

Goaltenders
Starting : Robin Lehner             
Backup : Joacim Eriksson          

Extra Forwards
Normal : Rob Klinkhammer, Brett Ritchie, Miikka Salomaki - PP : Rob Klinkhammer, Brett Ritchie - PK : Miikka Salomaki
Extra Defensemen
Normal : Ian Cole, Joe Corvo, Eric Brewer - PP : Ian Cole - PK : Joe Corvo, Eric Brewer
Penalty Shots
Rob Klinkhammer, Brett Ritchie, Daniel Cleary, Cory Conacher, Patrick Eaves

Flames

5 vs 5 Forward 
   Center                   Left Wing                Right Wing               Time % Phy DF OF 
 1 Jason Spezza             Andrew Cogliano          Jason Pominville         30     1   2  2  
 2 Jordan Staal             Michael Frolik           Charlie Coyle            25     1   2  2  
 3 Mikael Backlund          Nick Spaling             Matt Cooke               25     1   2  2  
 4 Aleksander Barkov        Manny Malhotra           Casey Cizikas            20     1   2  2  

5 vs 5 Defense 
   Defense                  Defense                                           Time % Phy DF OF 
 1 Brian Campbell           Justin Faulk                                      36     1   2  2  
 2 TJ Brodie                Jacob Trouba                                      30     1   2  2  
 3 Chris Phillips           Dougie Hamilton                                   24     1   2  2  
 4 Brian Campbell           Jacob Trouba                                      10     1   2  2  

PowerPlay Forward 
   Center                   Left Wing                Right Wing               Time % Phy DF OF 
 1 Jason Spezza             Andrew Cogliano          Jason Pominville         50     0   0  5  
 2 Jordan Staal             Michael Frolik           Charlie Coyle            50     0   0  5  

PowerPlay Defense
   Defense                  Defense                                           Time % Phy DF OF 
 1 Brian Campbell           Justin Faulk                                      50     0   0  5  
 2 Jacob Trouba             Dougie Hamilton                                   50     0   0  5  

Penalty Kill 4 Players Forward 
   Center                   Wing                     Time % Phy DF OF 
 1 Manny Malhotra           Nick Spaling             50     1   4  0  
 2 Mikael Backlund          Casey Cizikas            50     1   4  0  

Penalty Kill 4 Players Defense
   Defense                  Defense                  Time % Phy DF OF 
 1 Chris Phillips           Justin Faulk             50     0   5  0  
 2 TJ Brodie                Jacob Trouba             50     1   4  0  

Penalty Kill - 3 Players Forward 
   Forward                                           Time % Phy DF OF 
 1 Manny Malhotra                                    50     0   5  0  
 2 Mikael Backlund                                   50     0   5  0  

Penalty Kill - 3 Players Defense
   Defense                  Defense                  Time % Phy DF OF 
 1 Chris Phillips           Justin Faulk             50     0   5  0  
 2 TJ Brodie                Jacob Trouba             50     0   5  0  

4 vs 4 Forward 
   Center                   Wing                     Time % Phy DF OF 
 1 Jordan Staal             Jason Pominville         50     1   2  2  
 2 Jason Spezza             Andrew Cogliano          50     1   2  2  

4 vs 4 Defense
   Defense                  Defense                  Time % Phy DF OF 
 1 Brian Campbell           Justin Faulk             50     1   2  2  
 2 TJ Brodie                Jacob Trouba             50     1   2  2  

Last Minutes Offensive
   Center                   Left Wing                Right Wing               Defense                  Defense                  
   Jason Spezza             Andrew Cogliano          Jason Pominville         Brian Campbell           Justin Faulk             

Last Minutes Defensive
   Center                   Left Wing                Right Wing               Defense                  Defense                  
   Jordan Staal             Andrew Cogliano          Michael Frolik           Chris Phillips           Jacob Trouba             

Goaltenders
Starting : Chad Johnson             
Backup : Mike Smith               

Extra Forwards
Normal : Mikael Backlund, Matt Cooke, Charlie Coyle - PP : Mikael Backlund, Matt Cooke - PK : Charlie Coyle
Extra Defensemen
Normal : Dougie Hamilton, Chris Phillips, TJ Brodie - PP : Dougie Hamilton - PK : Chris Phillips, TJ Brodie
Penalty Shots
Jordan Staal, Jason Pominville, Jason Spezza, Andrew Cogliano, Michael Frolik

% Time on Ice - Stars

Lines # - Real PCT - Wanted PCT - Time Play
Normal Forward
1 - 30% - 35% - 13:26
2 - 29% - 30% - 13:09
3 - 23% - 22% - 10:36
4 - 18% - 13% - 8:20
Normal Defense
1 - 35% - 35% - 15:50
2 - 30% - 30% - 13:45
3 - 24% - 22% - 11:09
4 - 11% - 13% - 4:47
PP Forward
1 - 78% - 60% - 1:18
2 - 22% - 40% - 0:22
PP Defense
1 - 39% - 60% - 0:39
2 - 61% - 40% - 1:01
PK Forward
1 - 71% - 60% - 8:36
2 - 29% - 40% - 3:27
PK Defense
1 - 52% - 60% - 6:15
2 - 48% - 40% - 5:48
PK3 Forward
1 - 0% - 60%
2 - 0% - 40%
PK3 Defense
1 - 0% - 60%
2 - 0% - 40%
44 Forward
1 - 0% - 60%
2 - 0% - 40%
44 Defense
1 - 0% - 60%
2 - 0% - 40%
Last Minute Offensive  - 0:46
Last Minute Defensive  - 0:00
Total
Forward - 60:00
Defense - 60:00

% Time on Ice - Flames

Lines # - Real PCT - Wanted PCT - Time Play
Normal Forward
1 - 27% - 30% - 12:35
2 - 23% - 25% - 10:28
3 - 27% - 25% - 12:34
4 - 22% - 20% - 10:13
Normal Defense
1 - 37% - 36% - 16:45
2 - 33% - 30% - 15:10
3 - 26% - 24% - 12:02
4 - 4% - 10% - 1:53
PP Forward
1 - 51% - 50% - 6:06
2 - 49% - 50% - 5:57
PP Defense
1 - 48% - 50% - 5:48
2 - 52% - 50% - 6:15
PK Forward
1 - 41% - 50% - 0:41
2 - 59% - 50% - 0:59
PK Defense
1 - 89% - 50% - 1:29
2 - 11% - 50% - 0:11
PK3 Forward
1 - 0% - 50%
2 - 0% - 50%
PK3 Defense
1 - 0% - 50%
2 - 0% - 50%
44 Forward
1 - 0% - 50%
2 - 0% - 50%
44 Defense
1 - 0% - 50%
2 - 0% - 50%
Last Minute Offensive  - 0:00
Last Minute Defensive  - 0:27
Total
Forward - 60:00
Defense - 60:00

Play by Play

1st period


0:01 of 1st period - Jason Spezza wins face-off versus Michael Ryder in neutral zone.
0:04 of 1st period - Daniel Cleary is hit by Brian Campbell and loses puck.
0:12 of 1st period - Slapshot by John Moore.
0:12 of 1st period - Shot Misses the Net.
0:14 of 1st period - Snap shot by Eric Brewer.
0:14 of 1st period - Stopped by Chad Johnson without a rebound.
0:15 of 1st period - Daniel Cleary wins face-off versus Jason Spezza in Flames zone.
0:16 of 1st period - Slapshot by Michael Ryder.
0:16 of 1st period - Stopped by Chad Johnson with a rebound.
0:18 of 1st period - Slapshot by John Moore.
0:18 of 1st period - Shot Misses the Net.
1:08 of 1st period - Zach Sill is hit by Jordan Staal and loses puck.
1:13 of 1st period - Snap shot by Michael Frolik.
1:13 of 1st period - Stopped by Robin Lehner with a rebound.
1:15 of 1st period - Slapshot by Jacob Trouba.
1:15 of 1st period - Stopped by Robin Lehner with a rebound.
1:17 of 1st period - Wrist shot by TJ Brodie.
1:17 of 1st period - Shot Hit the Post.
1:19 of 1st period - Slapshot by Jacob Trouba.
1:19 of 1st period - Stopped by Robin Lehner with a rebound.
1:21 of 1st period - Backhand shot by TJ Brodie.
1:21 of 1st period - Shot Blocked by Zach Sill.
1:33 of 1st period - Snap shot by Jordan Staal.
1:33 of 1st period - Deflect By Michael Frolik.
1:33 of 1st period - Stopped by Robin Lehner with a rebound.
1:53 of 1st period - Snap shot by Mikael Backlund.
1:53 of 1st period - Stopped by Robin Lehner with a rebound.
2:05 of 1st period - Off-side.
2:06 of 1st period - Aleksander Barkov wins face-off versus Michael Ryder in neutral zone.
2:18 of 1st period - Off-side.
2:19 of 1st period - Miikka Salomaki wins face-off versus Aleksander Barkov in neutral zone.
2:22 of 1st period - Wrist shot by Ian Cole.
2:22 of 1st period - Shot Blocked by Chris Phillips.
2:52 of 1st period - Snap shot by Manny Malhotra.
2:52 of 1st period - Shot Misses the Net.
3:18 of 1st period - Snap shot by Mikael Backlund.
3:18 of 1st period - Shot Misses the Net.
3:20 of 1st period - Slapshot by Brian Campbell.
3:20 of 1st period - Shot Blocked by Ian Cole.
3:22 of 1st period - Slapshot by Jacob Trouba.
3:22 of 1st period - Shot Blocked by Ian Cole.
3:26 of 1st period - Snap shot by Nick Spaling.
3:26 of 1st period - Stopped by Robin Lehner with a rebound.
3:28 of 1st period - Slapshot by Jacob Trouba.
3:28 of 1st period - Shot Blocked by Bruno Gervais.
3:30 of 1st period - Slapshot by Jacob Trouba.
3:30 of 1st period - Shot Blocked by Ian Cole.
3:58 of 1st period - Slapshot by Jakub Kindl.
3:58 of 1st period - Stopped by Chad Johnson with a rebound.
4:32 of 1st period - Wrist shot by Patrick Eaves.
4:32 of 1st period - Stopped by Chad Johnson with a rebound.
4:34 of 1st period - Slapshot by Eric Brewer.
4:34 of 1st period - Shot Misses the Net.
5:00 of 1st period - Wrist shot by Jason Spezza.
5:00 of 1st period - Shot Misses the Net.
5:02 of 1st period - Slapshot by Justin Faulk.
5:02 of 1st period - Shot Misses the Net.
5:29 of 1st period - Brian Campbell is hit by Michael Ryder and loses puck.
5:36 of 1st period - Eric Brewer is hit by Brian Campbell and loses puck.
5:43 of 1st period - Slapshot by Aleksander Barkov.
5:43 of 1st period - Shot Misses the Net.
6:28 of 1st period - Minor Penalty to Eric Brewer for Interference.
6:29 of 1st period - Jason Spezza wins face-off versus Rob Klinkhammer in Stars zone.
6:40 of 1st period - Rob Klinkhammer is hit by Brian Campbell and loses puck.
7:32 of 1st period - Charlie Coyle is hit by Daniel Cleary.
7:38 of 1st period - Jacob Trouba is hit by Daniel Cleary.
7:44 of 1st period - Joe Corvo is hit by Charlie Coyle and loses puck.
8:28 of 1st period - Penalty to Eric Brewer is over, Eric Brewer is back on ice.
8:36 of 1st period - John Moore is hit by Dougie Hamilton and loses puck.
9:13 of 1st period - Icing by Ian Cole.
9:14 of 1st period - Aleksander Barkov wins face-off versus Brad Malone in Stars zone.
10:38 of 1st period - Bruno Gervais is hit by Chris Phillips and loses puck.
11:04 of 1st period - Slapshot by Joe Corvo.
11:04 of 1st period - Shot Blocked by Mikael Backlund.
11:18 of 1st period - Brett Ritchie is hit by Matt Cooke.
12:12 of 1st period - Minor Penalty to Cory Conacher for Hooking.
12:13 of 1st period - Jason Pominville wins face-off versus Rob Klinkhammer in Stars zone.
13:02 of 1st period - Brian Campbell is hit by Miikka Salomaki.
13:20 of 1st period - Wrist shot by Jordan Staal.
13:20 of 1st period - Shot Blocked by Eric Brewer.
13:22 of 1st period - Slapshot by Jacob Trouba.
13:22 of 1st period - Shot Misses the Net.
13:24 of 1st period - Snap shot by Michael Frolik.
13:24 of 1st period - Stopped by Robin Lehner without a rebound.
13:25 of 1st period - Jordan Staal wins face-off versus Rob Klinkhammer in Stars zone.
14:04 of 1st period - Ian Cole is hit by Brian Campbell and loses puck.
14:12 of 1st period - Penalty to Cory Conacher is over, Cory Conacher is back on ice.
14:31 of 1st period - Wrist shot by Aleksander Barkov.
14:31 of 1st period - Shot Misses the Net.
14:33 of 1st period - Slapshot by Jacob Trouba.
14:33 of 1st period - Shot Misses the Net.
14:35 of 1st period - Backhand shot by TJ Brodie.
14:35 of 1st period - Shot Misses the Net.
14:37 of 1st period - Wrist shot by Aleksander Barkov.
14:37 of 1st period - Goal by Aleksander Barkov - Stars : 0 - Flames : 1.
14:38 of 1st period - Michael Ryder wins face-off versus Aleksander Barkov in neutral zone.
14:49 of 1st period - Wrist shot by Jacob Trouba.
14:49 of 1st period - Shot Misses the Net.
14:51 of 1st period - Snap shot by Casey Cizikas.
14:51 of 1st period - Shot Misses the Net.
15:35 of 1st period - Snap shot by Joe Corvo.
15:35 of 1st period - Stopped by Chad Johnson with a rebound.
15:44 of 1st period - Penalty Shot by Andrew Cogliano for Flames.
15:44 of 1st period - Backhand shot by Andrew Cogliano.
15:44 of 1st period - Shot Misses the Net.
15:45 of 1st period - Jordan Staal wins face-off versus Erik Haula in Flames zone.
16:13 of 1st period - Justin Faulk is hit by Erik Haula and loses puck.
16:46 of 1st period - Snap shot by Mikael Backlund.
16:46 of 1st period - Stopped by Robin Lehner with a rebound.
16:58 of 1st period - Wrist shot by Mikael Backlund.
16:58 of 1st period - Shot Blocked by Eric Brewer.
17:00 of 1st period - Backhand shot by Jacob Trouba.
17:00 of 1st period - Stopped by Robin Lehner with a rebound.
17:19 of 1st period - Joe Corvo is hit by Jason Spezza.
17:40 of 1st period - Zach Sill is hit by Jacob Trouba and loses puck.
18:04 of 1st period - Slapshot by Dougie Hamilton.
18:04 of 1st period - Goal by Dougie Hamilton - Stars : 0 - Flames : 2.
18:05 of 1st period - Jordan Staal wins face-off versus Daniel Cleary in neutral zone.
18:22 of 1st period - Wrist shot by Daniel Cleary.
18:22 of 1st period - Deflect By Michael Ryder.
18:22 of 1st period - Shot Blocked by Justin Faulk.
18:22 of 1st period - Puck is out of play.
18:23 of 1st period - Jordan Staal wins face-off versus Erik Haula in Flames zone.
18:27 of 1st period - Off-side.
18:28 of 1st period - Jason Spezza wins face-off versus Erik Haula in neutral zone.
18:48 of 1st period - Snap shot by Andrew Cogliano.
18:48 of 1st period - Stopped by Robin Lehner without a rebound.
18:49 of 1st period - Jordan Staal wins face-off versus Zach Sill in Stars zone.
19:11 of 1st period - Cory Conacher is hit by Jordan Staal and loses puck.
19:58 of 1st period - TJ Brodie is hit by Ian Cole and loses puck.
Goals for this period are 0 for Stars vs 2 for Flames.
Shots for this period are 5 for Stars vs 12 for Flames.

2nd period


0:01 of 2nd period - Erik Haula wins face-off versus Jason Spezza in neutral zone.
0:04 of 2nd period - Justin Faulk is hit by John Moore and loses puck.
0:16 of 2nd period - Slapshot by Justin Faulk.
0:16 of 2nd period - Shot Blocked by Erik Haula.
0:32 of 2nd period - Snap shot by Jason Spezza.
0:32 of 2nd period - Deflect By Jason Pominville.
0:32 of 2nd period - Shot Misses the Net.
0:32 of 2nd period - Puck is out of play.
0:33 of 2nd period - Zach Sill wins face-off versus Jordan Staal in Stars zone.
0:38 of 2nd period - Slapshot by Joe Corvo.
0:38 of 2nd period - Deflect By Cory Conacher.
0:38 of 2nd period - Stopped by Chad Johnson without a rebound.
0:39 of 2nd period - Zach Sill wins face-off versus Jordan Staal in Flames zone.
0:40 of 2nd period - Wrist shot by Cory Conacher.
0:40 of 2nd period - Stopped by Chad Johnson with a rebound.
0:48 of 2nd period - Aaron Johnson is hit by Chris Phillips and loses puck.
0:53 of 2nd period - Wrist shot by Michael Frolik.
0:53 of 2nd period - Shot Misses the Net.
0:55 of 2nd period - Wrist shot by Jordan Staal.
0:55 of 2nd period - Shot Misses the Net.
0:57 of 2nd period - Slapshot by Dougie Hamilton.
0:57 of 2nd period - Shot Hit the Post.
0:59 of 2nd period - Snap shot by Charlie Coyle.
0:59 of 2nd period - Stopped by Robin Lehner with a rebound.
1:01 of 2nd period - Slapshot by Michael Frolik.
1:01 of 2nd period - Stopped by Robin Lehner with a rebound.
1:03 of 2nd period - Slapshot by Chris Phillips.
1:03 of 2nd period - Shot Hit the Post.
1:37 of 2nd period - Aaron Johnson is hit by Andrew Cogliano and loses puck.
2:16 of 2nd period - Slapshot by Mikael Backlund.
2:16 of 2nd period - Shot Blocked by Eric Brewer.
2:44 of 2nd period - Wrist shot by Rob Klinkhammer.
2:44 of 2nd period - Stopped by Chad Johnson without a rebound.
2:45 of 2nd period - Casey Cizikas wins face-off versus Michael Ryder in Flames zone.
3:38 of 2nd period - Jordan Staal is hit by Zach Sill and loses puck.
4:42 of 2nd period - Andrew Cogliano is hit by John Moore and loses puck.
4:47 of 2nd period - Snap shot by Rob Klinkhammer.
4:47 of 2nd period - Deflect By Justin Faulk.
4:47 of 2nd period - Stopped by Chad Johnson without a rebound.
4:48 of 2nd period - Mikael Backlund wins face-off versus Erik Haula in Flames zone.
5:04 of 2nd period - Icing by Joe Corvo.
5:05 of 2nd period - Mikael Backlund wins face-off versus Erik Haula in Stars zone.
5:52 of 2nd period - Chris Phillips is hit by Aaron Johnson.
5:56 of 2nd period - Chris Phillips is hit by Zach Sill and loses puck.
6:59 of 2nd period - Slapshot by Eric Brewer.
6:59 of 2nd period - Shot Misses the Net.
7:05 of 2nd period - Eric Brewer is hit by Casey Cizikas and loses puck.
7:17 of 2nd period - Minor Penalty to Eric Brewer for Hooking.
7:18 of 2nd period - Jordan Staal wins face-off versus Rob Klinkhammer in Stars zone.
7:43 of 2nd period - Snap shot by Charlie Coyle.
7:43 of 2nd period - Stopped by Robin Lehner without a rebound.
7:44 of 2nd period - Jason Spezza wins face-off versus Rob Klinkhammer in Stars zone.
8:11 of 2nd period - Snap shot by Rob Klinkhammer.
8:11 of 2nd period - Stopped by Chad Johnson with a rebound.
8:56 of 2nd period - Slapshot by Dougie Hamilton.
8:56 of 2nd period - Stopped by Robin Lehner with a rebound.
8:58 of 2nd period - Wrist shot by Jordan Staal.
8:58 of 2nd period - Shot Misses the Net.
9:00 of 2nd period - Slapshot by Dougie Hamilton.
9:00 of 2nd period - Deflect By Jordan Staal.
9:00 of 2nd period - Shot Misses the Net.
9:00 of 2nd period - Puck is out of play.
9:01 of 2nd period - Jason Spezza wins face-off versus Rob Klinkhammer in Stars zone.
9:14 of 2nd period - Snap shot by Jason Spezza.
9:14 of 2nd period - Shot Misses the Net.
9:16 of 2nd period - Slapshot by Jacob Trouba.
9:16 of 2nd period - Shot Blocked by Rob Klinkhammer.
9:17 of 2nd period - Penalty to Eric Brewer is over, Eric Brewer is back on ice.
9:49 of 2nd period - Daniel Cleary is hit by Mikael Backlund and loses puck.
9:54 of 2nd period - Slapshot by Brian Campbell.
9:54 of 2nd period - Shot Misses the Net.
10:28 of 2nd period - Snap shot by Brian Campbell.
10:28 of 2nd period - Stopped by Robin Lehner with a rebound.
10:40 of 2nd period - Slapshot by Brian Campbell.
10:40 of 2nd period - Shot Blocked by Ian Cole.
10:55 of 2nd period - Minor Penalty to Jacob Trouba for High sticking.
10:56 of 2nd period - Mikael Backlund wins face-off versus Michael Ryder in Flames zone.
11:03 of 2nd period - Slapshot by Joe Corvo.
11:03 of 2nd period - Deflect By Michael Ryder.
11:03 of 2nd period - Stopped by Chad Johnson with a rebound.
11:05 of 2nd period - Wrist shot by Daniel Cleary.
11:05 of 2nd period - Shot Misses the Net.
12:12 of 2nd period - Slapshot by Ian Cole.
12:12 of 2nd period - Shot Misses the Net.
12:14 of 2nd period - Snap shot by Daniel Cleary.
12:14 of 2nd period - Goal by Daniel Cleary - Stars : 1 - Flames : 2.
12:15 of 2nd period - Zach Sill wins face-off versus Jason Spezza in neutral zone.
12:44 of 2nd period - Minor Penalty to Cory Conacher for Tripping.
12:45 of 2nd period - Rob Klinkhammer wins face-off versus Jordan Staal in Stars zone.
12:55 of 2nd period - Snap shot by Charlie Coyle.
12:55 of 2nd period - Shot Misses the Net.
12:57 of 2nd period - Slapshot by Jacob Trouba.
12:57 of 2nd period - Shot Misses the Net.
14:18 of 2nd period - Snap shot by Rob Klinkhammer.
14:18 of 2nd period - Shot Blocked by Michael Frolik.
14:38 of 2nd period - Slapshot by Andrew Cogliano.
14:38 of 2nd period - Shot Misses the Net.
14:44 of 2nd period - Penalty to Cory Conacher is over, Cory Conacher is back on ice.
14:50 of 2nd period - Justin Faulk is hit by Erik Haula and loses puck.
15:21 of 2nd period - Slapshot by Cory Conacher.
15:21 of 2nd period - Shot Blocked by Dougie Hamilton.
15:23 of 2nd period - Slapshot by Jakub Kindl.
15:23 of 2nd period - Deflect By Cory Conacher.
15:23 of 2nd period - Shot Blocked by Dougie Hamilton.
15:23 of 2nd period - Puck is out of play.
15:24 of 2nd period - Manny Malhotra wins face-off versus Patrick Eaves in Flames zone.
15:39 of 2nd period - Slapshot by Brian Campbell.
15:39 of 2nd period - Shot Misses the Net.
16:17 of 2nd period - Wrist shot by Michael Ryder.
16:17 of 2nd period - Stopped by Chad Johnson without a rebound.
16:18 of 2nd period - Brett Ritchie wins face-off versus Mikael Backlund in Flames zone.
16:23 of 2nd period - Snap shot by Rob Klinkhammer.
16:23 of 2nd period - Shot Misses the Net.
17:16 of 2nd period - Slapshot by Daniel Cleary.
17:16 of 2nd period - Shot Misses the Net.
17:18 of 2nd period - Snap shot by Eric Brewer.
17:18 of 2nd period - Shot Blocked by TJ Brodie.
17:20 of 2nd period - Wrist shot by Eric Brewer.
17:20 of 2nd period - Stopped by Chad Johnson with a rebound.
17:22 of 2nd period - Wrist shot by Erik Haula.
17:22 of 2nd period - Stopped by Chad Johnson with a rebound.
17:24 of 2nd period - Backhand shot by John Moore.
17:24 of 2nd period - Stopped by Chad Johnson without a rebound.
17:25 of 2nd period - Jason Spezza wins face-off versus Michael Ryder in Flames zone.
18:00 of 2nd period - Snap shot by Cory Conacher.
18:00 of 2nd period - Stopped by Chad Johnson with a rebound.
18:12 of 2nd period - Jason Pominville is hit by Zach Sill and loses puck.
18:33 of 2nd period - Snap shot by Daniel Cleary.
18:33 of 2nd period - Shot Misses the Net.
18:55 of 2nd period - Slapshot by John Moore.
18:55 of 2nd period - Shot Blocked by Jason Pominville.
18:57 of 2nd period - Slapshot by Bruno Gervais.
18:57 of 2nd period - Shot Blocked by Andrew Cogliano.
18:59 of 2nd period - Slapshot by Brad Malone.
18:59 of 2nd period - Stopped by Chad Johnson with a rebound.
Goals for this period are 1 for Stars vs 0 for Flames.
Shots for this period are 13 for Stars vs 5 for Flames.

3rd period


0:01 of 3rd period - Jordan Staal wins face-off versus Erik Haula in neutral zone.
0:11 of 3rd period - Brian Campbell is hit by Erik Haula and loses puck.
0:37 of 3rd period - Off-side.
0:38 of 3rd period - Jason Spezza wins face-off versus Zach Sill in neutral zone.
0:38 of 3rd period - Jason Spezza is hit by Zach Sill.
1:50 of 3rd period - Slapshot by John Moore.
1:50 of 3rd period - Shot Blocked by Chris Phillips.
2:05 of 3rd period - Icing by Eric Brewer.
2:06 of 3rd period - Mikael Backlund wins face-off versus Michael Ryder in Stars zone.
2:21 of 3rd period - Slapshot by Michael Ryder.
2:21 of 3rd period - Shot Blocked by Justin Faulk.
2:23 of 3rd period - Slapshot by John Moore.
2:23 of 3rd period - Stopped by Chad Johnson with a rebound.
2:25 of 3rd period - Slapshot by Eric Brewer.
2:25 of 3rd period - Shot Blocked by Justin Faulk.
2:27 of 3rd period - Slapshot by Eric Brewer.
2:27 of 3rd period - Stopped by Chad Johnson with a rebound.
2:29 of 3rd period - Backhand shot by Eric Brewer.
2:29 of 3rd period - Stopped by Chad Johnson with a rebound.
2:31 of 3rd period - Wrist shot by Michael Ryder.
2:31 of 3rd period - Stopped by Chad Johnson with a rebound.
2:33 of 3rd period - Snap shot by Erik Haula.
2:33 of 3rd period - Stopped by Chad Johnson without a rebound.
2:34 of 3rd period - Jordan Staal wins face-off versus Zach Sill in Flames zone.
2:55 of 3rd period - Slapshot by Jordan Staal.
2:55 of 3rd period - Stopped by Robin Lehner with a rebound.
2:57 of 3rd period - Wrist shot by Michael Frolik.
2:57 of 3rd period - Stopped by Robin Lehner with a rebound.
3:04 of 3rd period - Off-side.
3:05 of 3rd period - Aleksander Barkov wins face-off versus Brad Malone in neutral zone.
4:03 of 3rd period - Matt Cooke is hit by Erik Haula and loses puck.
4:30 of 3rd period - Minor Penalty to Erik Haula for High sticking.
4:31 of 3rd period - Jordan Staal wins face-off versus Rob Klinkhammer in Stars zone.
5:13 of 3rd period - Dougie Hamilton is hit by Rob Klinkhammer.
5:23 of 3rd period - Patrick Eaves is hit by Andrew Cogliano and loses puck.
6:29 of 3rd period - Wrist shot by Jason Spezza.
6:29 of 3rd period - Shot Misses the Net.
6:30 of 3rd period - Penalty to Erik Haula is over, Erik Haula is back on ice.
6:35 of 3rd period - Jason Spezza is hit by Erik Haula and loses puck.
10:38 of 3rd period - Eric Brewer is hit by Justin Faulk and loses puck.
10:53 of 3rd period - Miikka Salomaki is hit by Matt Cooke and loses puck.
11:16 of 3rd period - Snap shot by Daniel Cleary.
11:16 of 3rd period - Stopped by Chad Johnson with a rebound.
11:18 of 3rd period - Snap shot by Daniel Cleary.
11:18 of 3rd period - Stopped by Chad Johnson with a rebound.
11:20 of 3rd period - Snap shot by Eric Brewer.
11:20 of 3rd period - Stopped by Chad Johnson with a rebound.
11:22 of 3rd period - Snap shot by Daniel Cleary.
11:22 of 3rd period - Stopped by Chad Johnson without a rebound.
11:23 of 3rd period - Jason Spezza wins face-off versus Erik Haula in Flames zone.
11:36 of 3rd period - Wrist shot by Jason Spezza.
11:36 of 3rd period - Stopped by Robin Lehner with a rebound.
11:38 of 3rd period - Wrist shot by TJ Brodie.
11:38 of 3rd period - Stopped by Robin Lehner without a rebound.
11:39 of 3rd period - Zach Sill wins face-off versus Jordan Staal in Stars zone.
11:44 of 3rd period - Slapshot by Ian Cole.
11:44 of 3rd period - Shot Misses the Net.
11:46 of 3rd period - Snap shot by Zach Sill.
11:46 of 3rd period - Stopped by Chad Johnson without a rebound.
11:47 of 3rd period - Zach Sill wins face-off versus Jordan Staal in Flames zone.
11:58 of 3rd period - Slapshot by Zach Sill.
11:58 of 3rd period - Shot Blocked by Michael Frolik.
12:00 of 3rd period - Snap shot by Zach Sill.
12:00 of 3rd period - Shot Blocked by Justin Faulk.
12:02 of 3rd period - Wrist shot by Zach Sill.
12:02 of 3rd period - Shot Misses the Net.
12:08 of 3rd period - Minor Penalty to Justin Faulk for Interference.
12:09 of 3rd period - Manny Malhotra wins face-off versus Michael Ryder in Flames zone.
12:18 of 3rd period - Wrist shot by Mikael Backlund.
12:18 of 3rd period - Shot Blocked by Daniel Cleary.
12:24 of 3rd period - Casey Cizikas is hit by Brett Ritchie and loses puck.
12:29 of 3rd period - Snap shot by Michael Ryder.
12:29 of 3rd period - Goal by Michael Ryder - Stars : 2 - Flames : 2.
12:30 of 3rd period - Brad Malone wins face-off versus Jason Spezza in neutral zone.
12:43 of 3rd period - Snap shot by Jason Spezza.
12:43 of 3rd period - Shot Blocked by Eric Brewer.
12:45 of 3rd period - Slapshot by Brian Campbell.
12:45 of 3rd period - Shot Blocked by Eric Brewer.
12:47 of 3rd period - Slapshot by Brian Campbell.
12:47 of 3rd period - Stopped by Robin Lehner without a rebound.
12:48 of 3rd period - Jason Spezza wins face-off versus Brad Malone in Stars zone.
13:03 of 3rd period - Wrist shot by Jason Spezza.
13:03 of 3rd period - Shot Misses the Net.
13:05 of 3rd period - Slapshot by Brian Campbell.
13:05 of 3rd period - Stopped by Robin Lehner with a rebound.
13:43 of 3rd period - Zach Sill is hit by Justin Faulk and loses puck.
14:20 of 3rd period - Snap shot by Michael Ryder.
14:20 of 3rd period - Stopped by Chad Johnson without a rebound.
14:21 of 3rd period - Erik Haula wins face-off versus Mikael Backlund in Flames zone.
14:28 of 3rd period - Joe Corvo is hit by Jacob Trouba and loses puck.
14:45 of 3rd period - Snap shot by Daniel Cleary.
14:45 of 3rd period - Stopped by Chad Johnson with a rebound.
15:04 of 3rd period - Off-side.
15:05 of 3rd period - Aleksander Barkov wins face-off versus Brad Malone in neutral zone.
15:08 of 3rd period - Rob Klinkhammer is hit by Casey Cizikas and loses puck.
15:44 of 3rd period - Minor Penalty to Cory Conacher for Hooking.
15:45 of 3rd period - Jordan Staal wins face-off versus Rob Klinkhammer in Stars zone.
15:53 of 3rd period - Wrist shot by Brian Campbell.
15:53 of 3rd period - Goal by Brian Campbell - Stars : 2 - Flames : 3.
15:54 of 3rd period - Jordan Staal wins face-off versus Erik Haula in neutral zone.
15:58 of 3rd period - Minor Penalty to Michael Ryder for Hooking.
15:59 of 3rd period - Jason Spezza wins face-off versus Rob Klinkhammer in Stars zone.
17:07 of 3rd period - Joe Corvo is hit by Charlie Coyle and loses puck.
17:28 of 3rd period - Cory Conacher is hit by Jacob Trouba and loses puck.
17:37 of 3rd period - Wrist shot by Jason Pominville.
17:37 of 3rd period - Shot Blocked by Ian Cole.
17:39 of 3rd period - Slapshot by Jacob Trouba.
17:39 of 3rd period - Shot Blocked by Joe Corvo.
17:58 of 3rd period - Penalty to Michael Ryder is over, Michael Ryder is back on ice.
19:05 of 3rd period - Eric Brewer is hit by Dougie Hamilton and loses puck.
19:20 of 3rd period - Michael Ryder is hit by Chris Phillips and loses puck.
19:45 of 3rd period - Wrist shot by Andrew Cogliano.
19:45 of 3rd period - Shot Blocked by Daniel Cleary.
19:47 of 3rd period - Slapshot by Brian Campbell.
19:47 of 3rd period - Deflect By Jordan Staal.
19:47 of 3rd period - Shot Misses the Net.
19:47 of 3rd period - Puck is out of play.
19:48 of 3rd period - Michel Therrien call a timeout for Stars.
19:48 of 3rd period - Jordan Staal wins face-off versus Erik Haula in Stars zone.
19:57 of 3rd period - Wrist shot by Andrew Cogliano.
19:57 of 3rd period - Shot Blocked by Eric Brewer.
19:59 of 3rd period - Backhand shot by Jordan Staal.
19:59 of 3rd period - Stopped by Robin Lehner with a rebound.
Goals for this period are 1 for Stars vs 1 for Flames.
Shots for this period are 13 for Stars vs 8 for Flames.


Output by the SimonT Hockey Simulator (STHS) for Eric Dolegowski -- Original Page W3C XHTML 1.0 Valid
Hockey Simulator - Hockey Simulation - Hockey Manager